Map: [ESL] Ancient Cistern

Players

Classic

  • Race: Protoss Protoss
  • Spawn Location: 1:00

Dark - Winner!

  • Race: Zerg Zerg
  • Spawn Location: 7:00

Event: ESL SC2 Masters 2023 Summer (Finals)

VOD

Have the link to the VOD?

Description

Time

  • Played on: June 16, 2023, 11:18 a.m.
  • Length: 6:59

All games in this series

Show
View Real Time Build Order
Export as new Build Order

Classic Protoss 

Build Orders: 1 Gate Expand, Oracle Opening 

Get SALT Encoding   

  12  0:00  Probe  
  13  0:12  Probe  
  14  0:19  Pylon  
  14  0:24  Probe  
  15  0:37  Probe (Chrono Boost)  
  15  0:40  Gateway  
  16  0:46  Probe (Chrono Boost)  
  16  0:49  Assimilator  
  17  0:51  Probe (Chrono Boost)  
  18  1:03  Probe  
  19  1:15  Probe  
  20  1:26  Nexus  
  20  1:29  Probe  
  21  1:40  Cybernetics Core  
  21  1:43  Probe  
  22  1:49  Assimilator  
  22  1:55  Pylon  
  22  1:57  Probe  
  23  2:13  Probe, Adept (Chrono Boost)  
  24  2:20  Stargate  
  26  2:26  Probe  
  26  2:28  Warp Gate  
  27  2:36  Adept  
  29  2:39  Probe x2 (Chrono Boost)  
  31  2:44  Pylon  
  31  2:48  Probe x2 (Chrono Boost)  
  32  2:53  Probe (Chrono Boost)  
  32  2:54  Probe  
  34  3:05  Oracle (Chrono Boost)  
  34  3:09  Probe x2  
  34  3:10  Adept  
  39  3:16  Pylon  
  39  3:20  Gateway  
  39  3:22  Probe x2  
  41  3:33  Oracle (Chrono Boost)  
  42  3:34  Probe x2  
  46  3:46  Probe  
  46  3:47  Probe  
  48  3:54  Nexus  
  48  3:55  Pylon  
  48  4:00  Probe  
  49  4:03  Probe, Assimilator  
  49  4:06  Oracle (Chrono Boost)  
  53  4:14  Assimilator  
  53  4:16  Adept  
  55  4:18  Adept  
  55  4:20  Pylon  
  55  4:23  Probe x2  
  59  4:29  Pylon  
  57  4:35  Probe x2  
  59  4:43  Twilight Council  
  59  4:45  Forge  
  59  4:47  Probe  
  59  4:48  Probe  
  61  4:53  Adept  
  61  4:54  Adept  
  61  4:56  Shield Battery  
  65  5:02  Probe (Chrono Boost)  
  65  5:06  Probe (Chrono Boost)  
  64  5:09  Gateway  
  64  5:14  Probe (Chrono Boost)  
  66  5:15  Probe (Chrono Boost)  
  66  5:16  Gateway  
  66  5:18  Probe (Chrono Boost)  
  66  5:20  Probe (Chrono Boost)  
  67  5:22  Stalker  
  67  5:23  Stalker  
  72  5:30  Probe  
  72  5:32  Probe  
  74  5:38  Shield Battery  
  74  5:40  Shield Battery  
  74  5:46  Shield Battery  
  74  5:47  Stalker x2  
  76  5:50  Shield Battery  
  63  6:10  Zealot  
  63  6:11  Sentry  
  56  6:14  Probe  
  56  6:18  Adept x2  
  55  6:26  Probe  
  55  6:31  Adept  
  55  6:32  Adept  
  58  6:35  Adept, Shield Battery  
  58  6:38  Probe, Zealot  
  56  6:47  Shield Battery  
  56  6:51  Zealot  
  56  6:52  Zealot  
  49  6:56  Zealot  
Show
View Real Time Build Order
Export as new Build Order

Dark Zerg - Winner!

Build Orders: Hatch First 

Get SALT Encoding   

  12  0:00  Drone  
  13  0:12  Overlord  
  13  0:16  Drone  
  14  0:30  Drone x2  
  16  0:50  Hatchery  
  16  0:53  Drone  
  16  0:54  Drone  
  17  0:58  Drone  
  18  1:08  Extractor  
  17  1:14  Spawning Pool  
  17  1:17  Drone  
  17  1:20  Drone  
  18  1:28  Drone  
  19  1:38  Drone  
  20  1:49  Drone  
  21  2:01  Queen x2  
  21  2:02  Zergling x2  
  21  2:04  Zergling x2  
  27  2:12  Metabolic Boost  
  27  2:14  Overlord  
  27  2:15  Drone  
  28  2:33  Drone x3  
  28  2:34  Drone  
  32  2:48  Overlord  
  32  2:49  Queen  
  34  2:55  Hatchery  
  34  2:57  Zergling x2  
  34  3:03  Spore Crawler  
  31  3:08  Drone x2  
  31  3:10  Drone x2  
  36  3:14  Zergling x2  
  36  3:15  Drone  
  36  3:16  Drone  
  36  3:19  Drone  
  40  3:23  Drone  
  40  3:24  Drone  
  42  3:31  Queen  
  44  3:35  Overlord  
  44  3:39  Spore Crawler  
  44  3:40  Drone  
  44  3:46  Lair  
  44  3:53  Drone x4  
  44  3:54  Drone  
  49  3:57  Drone  
  49  4:01  Spore Crawler  
  49  4:06  Zergling x6  
  52  4:12  Queen  
  52  4:15  Drone x3  
  56  4:34  Drone x2  
  56  4:35  Drone  
  58  4:39  Overlord  
  58  4:40  Overlord  
  58  4:45  Nydus Network  
  56  4:46  Drone  
  56  4:50  Overlord  
  57  4:54  Overlord  
  57  4:57  Queen x3  
  60  5:02  Drone x3  
  60  5:06  Zergling x12  
  69  5:12  Zergling x8  
  73  5:18  Zergling x2  
  74  5:21  Nydus Canal  
  74  5:22  Zergling x6  
  74  5:23  Zergling x2  
  77  5:28  Zergling x2  
  77  5:32  Queen  
  78  5:36  Zergling x2  
  78  5:40  Nydus Canal, Zergling x4  
  77  5:46  Zergling x8  
  77  5:48  Zergling x2  
  80  5:51  Zergling x2  
  80  5:59  Nydus Canal  
  80  6:01  Zergling x4  
  80  6:03  Queen x2  
  80  6:04  Overlord  
  84  6:07  Zergling x2  
  84  6:08  Zergling x8  
  85  6:15  Zergling x4  
  85  6:17  Zergling x2  
  86  6:19  Zergling x6  
  86  6:21  Queen  
  86  6:23  Overlord  
  90  6:26  Overlord  
  90  6:28  Nydus Canal  
  90  6:31  Zergling x4  
  90  6:37  Zergling x2  
  89  6:47  Spine Crawler x2  
  89  6:51  Spine Crawler  
  89  6:55  Nydus Canal  
Tags
 
Add a new tag
Caveats
  • Supply blocks, unpowered buildings, or Contaminate may cause inaccurate times.
  • Supply counts are checked every 10 seconds.